 Dungeon Crawl Stone Soup version 0.19-a0-1903-gead39cf (webtiles) character file.

2242 JeffiDaFish the Slasher (level 9, -7/75 HPs)
             Began as a Hill Orc Fighter on Oct 21, 2016.
             Was a Believer of Beogh.
             Mangled by a warg (10 damage)
             ... on level 6 of the Dungeon.
             The game lasted 00:23:11 (5693 turns).

JeffiDaFish the Slasher (Hill Orc Fighter)          Turns: 5693, Time: 00:23:11

Health: -7/75      AC: 11    Str: 26    XL:     9   Next: 37%
Magic:  0/23       EV: 10    Int:  8    God:    Beogh [**....]
Gold:   238        SH: 14    Dex: 12    Spells: 1 memorised, 14 levels left

rFire  . . .     SeeInvis .     p - +2 falchion (slice)
rCold  . . .     Gourm    .     k - +5 ring mail
rNeg   . . .     Faith    .     c - +3 shield
rPois  .         Spirit   +     (no helmet)
rElec  .         Reflect  .     (no cloak)
rCorr  .         Harm     .     (no gloves)
MR     .....                    (no boots)
Stlth  +.........               i - amulet of guardian spirit
                                o - +6 ring of strength
                                j - ring of magical power

@: no status effects
A: no striking features
a: Smiting, Renounce Religion


You were on level 6 of the Dungeon.
You worshipped Beogh.
Beogh was pleased with you.
You were hungry.

You visited 1 branch of the dungeon, and saw 7 of its levels.

You collected 238 gold pieces.

Inventory:

Hand Weapons
 p - a +2 falchion of slicing (weapon)
Armour
 c - a +3 shield (worn)
 k - a +5 ring mail (worn)
Jewellery
 i - an amulet of guardian spirit (around neck)
 j - a ring of magical power (left hand)
 o - a +6 ring of strength (right hand)
Scrolls
 b - 2 scrolls of fog
 g - 9 scrolls of identify
 q - a scroll of magic mapping
Potions
 e - a potion of curing
 l - 2 potions of haste
Books
 a - a book of Misfortune

   Spells                             Type                      Level
   a - Confusing Touch                Hexes                        1
   b - Confuse                        Hexes                        3
   c - Gell's Gravitas                Hexes/Translocation          3
   d - Petrify                        Transmutation/Earth          4
   e - Metabolic Englaciation         Hexes/Ice                    5
   f - Yara's Violent Unravelling     Hexes/Transmutation          5
Comestibles
 f - 2 bread rations
 h - 4 meat rations
 m - a royal jelly
 n - a slice of pizza


   Skills:
 + Level 6.2 Fighting
 + Level 6.9 Long Blades
 + Level 6.2 Armour
 - Level 1.6 Dodging
 - Level 0.5 Stealth
 + Level 6.6 Shields
 * Level 3.5 Spellcasting
 + Level 3.2 Hexes


You had 14 spell levels left.
You knew the following spells:

 Your Spells              Type           Power        Failure   Level  Hunger
a - Confusing Touch       Hex            #.....       34%         1    ##.....


Dungeon Overview and Level Annotations

Branches:
Dungeon (7/15)
 Temple: D:4-7

Altars:
Hepliaklqana
Nemelex Xobeh
Qazlal
Yredelemnul

Shops:
D:5 :


Message History

There is a stone staircase leading down here.
You block the quokka's attack.
You slash the warg!
The warg is moderately wounded.
The warg bites you.
* * * LOW HITPOINT WARNING * * *
The warg bites you!
* * * LOW HITPOINT WARNING * * *
You closely miss the warg.
The warg is moderately wounded.
You block the warg's attack.
You slash the warg!
The warg is heavily wounded.
The warg closely misses you.
You barely miss the warg.
The warg is heavily wounded.
The warg bites you!
* * * LOW HITPOINT WARNING * * *
The warg bites you!
You die...

####.....#.####.##.#..##
.........#.##..)#^.##..#
###......#.######.####.#
....####.#.###^.^P# #.##
..######.#.##P.#.## #..###
..#........#####.# ###...#
..#.####.#.##########.###.#
..#.#.............)...# #.#
....#.##.#.####.@####.# #.#
.####.##.#.# ##h# ##.###.###
.#....##.#.# #.r###........#
.#(#####.#.####.............#
............................#
............................#
............................#
#...........................#
#...........................#


You could see a warg and a quokka.

Vanquished Creatures
  Pikel (D:5)
  Eustachio (D:4)
  A warg (D:7)
  Duvessa (D:4)
  An ice beast (D:5)
  An ogre (D:6)
  A centaur (D:3)
  A bullfrog (D:6)
  Dowan (D:4)
  6 scorpions
  3 crimson imps
  A hound (D:6)
  3 orc priests (D:4)
  2 iguanas
  4 orc wizards (D:4)
  A howler monkey zombie (D:5)
  8 gnolls
  10 adders
  A shadow imp (D:6)
  4 oozes
  An adder skeleton (D:5)
  2 worms
  2 dart slugs
  4 leopard geckos
  22 orcs
  A ball python (D:1)
  4 giant cockroaches
  11 goblins
  3 hobgoblins (D:3)
  9 jackals
  7 kobolds
  6 quokkas
  10 bats
  4 frilled lizards
  2 gnoll zombies (D:4)
  7 rats
  2 fungi (D:6)
149 creatures vanquished.

Vanquished Creatures (others)
  A centaur skeleton (D:5)
  A gnoll (D:5)
  3 orcs
  A rat (D:3)
6 creatures vanquished.

Grand Total: 155 creatures vanquished

Notes
Turn   | Place    | Note
-------+----------+-------------------------------------------
     0 | D:1      | JeffiDaFish the Hill Orc Fighter began the quest for the Orb.
     0 | D:1      | Reached XP level 1. HP: 19/19 MP: 1/1
    52 | D:1      | Reached XP level 2. HP: 27/27 MP: 2/2
   426 | D:1      | Reached XP level 3. HP: 31/33 MP: 3/3
   821 | D:2      | Reached XP level 4. HP: 39/40 MP: 4/4
  1325 | D:3      | Became a worshipper of Beogh the Brigand
  1380 | D:3      | Noticed a centaur
  1400 | D:3      | Killed a centaur
  1400 | D:3      | Reached XP level 5. HP: 29/47 MP: 5/5
  1718 | D:3      | Found a stormy altar of Qazlal.
  1888 | D:4      | Reached skill level 1 in Dodging
  2029 | D:4      | Reached XP level 6. HP: 48/53 MP: 6/6
  2335 | D:4      | Noticed Dowan
  2347 | D:4      | Noticed Duvessa
  2356 | D:4      | Killed Dowan
  2378 | D:4      | Killed Duvessa
  2378 | D:4      | Reached * piety under Beogh
  2378 | D:4      | Reached skill level 5 in Long Blades
  2378 | D:4      | Reached skill level 5 in Shields
  2378 | D:4      | Reached XP level 7. HP: 18/60 MP: 5/7
  2451 | D:4      | Noticed Eustachio
  2540 | D:4      | Killed Eustachio
  3004 | D:4      | Reached skill level 5 in Fighting
  3063 | D:4      | Learned a level 1 spell: Confusing Touch
  3313 | D:4      | Found a basalt altar of Yredelemnul.
  3569 | D:4      | Reached skill level 5 in Armour
  3569 | D:4      | Reached skill level 1 in Spellcasting
  3746 | D:5      | Entered Level 5 of the Dungeon
  4121 | D:5      | Reached XP level 8. HP: 64/68 MP: 9/9
  4127 | D:5      | Noticed Pikel
  4157 | D:5      | Killed Pikel
  4433 | D:5      | Reached ** piety under Beogh
  4508 | D:5      | Found Ezis's Book Boutique.
  4791 | D:6      | Reached XP level 9. HP: 73/75 MP: 13/13
  4845 | D:6      | Found a hazy altar of Hepliaklqana.
  5561 | D:6      | Found a sparkling altar of Nemelex Xobeh.
  5693 | D:6      | HP: 3/75 [warg (9)]
  5693 | D:6      | Mangled by a warg

Vault maps used:
D:1:      onia_arrival_handbag
D:3:      serial_glass, glass_columns_a, glass_columns_c,
          nicolae_qazlal_general_emergency
D:4:      lemuel_zombie_altar_yredelemnul, first_bread, uniq_eustachio,
          uniq_duvessa
D:5:      serial_shops, kennysheep_mini_moat, lemuel_flamethrower_2, uniq_pikel
D:6:      old_forge, nemelex_altar_shiori, basic_altar
D:7:      lemuel_castle_with_subvaults, nicolae_ru_path_of_blood

Skill      XL: |  1  2  3  4  5  6  7  8  9 |
---------------+----------------------------+-----
Fighting       | 4 5 6 |  6.2
Shields        | 4 5 6 |  6.6
Long Blades    | 3 4 5 6 |  6.9
Dodging        | 1 |  1.6
Armour         | 4 5 6 |  6.2
Spellcasting   | 1 2 3 |  3.5
Hexes          | 2 3 |  3.2
Stealth        | |  0.5

Action                   |  1- 3 |  4- 6 |  7- 9 || total
-------------------------+-------+-------+-------++-------
Melee: Long sword        |   106 |   221 |    67 ||   394
       Falchion          |       |       |   405 ||   405
Invok: Convert to Beogh  |       |     1 |       ||     1
  Use: Scroll            |     7 |     3 |    10 ||    20
       Potion            |     2 |     6 |     4 ||    12
 Stab: Distracted        |       |       |     1 ||     1
       Invisible         |       |       |     3 ||     3
  Eat: Chunk             |       |     5 |     4 ||     9
       Pizza             |       |     1 |     1 ||     2
       Meat ration       |       |       |     1 ||     1
Armor: Scale mail        |    62 |    35 |       ||    97
       Ring mail         |       |    49 |   155 ||   204
Dodge: Dodged            |    35 |    64 |   129 ||   228
Block: Shield            |    61 |   139 |   297 ||   497
       Rpst.: Long sword |    13 |    21 |     9 ||    43
       Falchion          |       |       |    26 ||    26
